[Event "CRO-ch Youth U19 2020"]
[Site "Vinkovci"]
[Date "2020.07.28"]
[Round "1.12"]
[White "Baric, Marko"]
[Black "Cotic, Borna"]
[Result "0-1"]
[ECO "B40"]
[WhiteElo "1831"]
[BlackElo "2049"]
[Annotator "RC"]
[PlyCount "56"]
[EventDate "2020.07.28"]
[EventType "swiss"]
[EventCountry "CRO"]
[SourceTitle "playchess.com"]
[Source "ChessBase"]
[SourceQuality "1"]
[TimeControl "5400+30"]

1. e4 c5 2. Nf3 e6 3. c4 Nc6 4. Be2 g5 5. d3 h6 6. Nc3 Bg7 7. Be3 d6 8. h3 Nd4 9. Rb1 Ne7 10. O-O O-O 11. Nh2 f5 12. f4 Ng6 13. Bh5 Nxf4 14. Bxf4 gxf4 15. Rxf4 Qg5 16. Rf2 Bd7 17. exf5 Bc6 18. Bf3 Rxf5 19. Ne4 Bxe4 20. dxe4 Rf7 21. Qd2 Qg3 22. Kh1 Raf8 23. Qe3 Be5 24. Nf1 Qh4 25. b4 Nxf3 26. gxf3 Qxh3+ 27. Nh2 Rxf3 28. Rg2+ Qxg2+ 0-1

[Event "CRO-ch Youth U19 2020"]
[Site "Vinkovci"]
[Date "2020.07.28"]
[Round "1.13"]
[White "Purini, Bruno"]
[Black "Salamon, Viktor"]
[Result "0-1"]
[ECO "C01"]
[WhiteElo "2017"]
[BlackElo "1805"]
[Annotator "NA"]
[PlyCount "86"]
[EventDate "2020.07.28"]
[EventType "swiss"]
[EventCountry "CRO"]
[SourceTitle "playchess.com"]
[Source "ChessBase"]
[SourceQuality "1"]
[TimeControl "5400+30"]

1. e4 e6 2. d4 d5 3. exd5 exd5 4. Nf3 Bd6 5. Bd3 Nc6 6. O-O Bg4 7. c3 Nge7 8. b4 {[%emt 0:01:30] C01: French: Exchange Variation.} f6 9. a4 Qd7 10. Na3 {[%emt 0:01:30] [#]} a6 $146 ({Predecessor:} 10... g5 11. Nb5 Bf4 12. Re1 O-O-O 13. a5 Kb8 14. Na3 Ng6 15. Nc2 Bxc1 16. Rxc1 Nf4 {1-0 (53) Kozma,E (2123)-Toth,L (2208) Hungary 2004}) 11. b5 Na5 12. c4 Bxf3 (12... dxc4 $11 13. Nxc4 Nxc4 14. Bxc4 axb5 15. Bxb5 c6) 13. Qxf3 Nb3 14. Ra2 (14. c5 $14 Nxd4 15. Qh5+ {[%mdl 64] Double Attack} g6 {[#]} 16. Bxg6+ $1 Nxg6 17. cxd6 Qxd6 18. Bb2) 14... Nxd4 15. Qh5+ g6 16. Qh4 Be5 17. Re1 Ndf5 18. Qh3 ({White should play} 18. Bxf5 $1 $14 gxf5 19. Qh5+ Kd8 20. cxd5) 18... Nd4 19. Qh4 O-O 20. cxd5 Ndf5 21. Qc4 Nd6 22. Qb3 Nef5 23. Be3 Nxe3 24. Rxe3 Kg7 25. Rae2 axb5 26. axb5 Nf5 27. Bxf5 Qxf5 28. Re4 (28. g3 $11) 28... Rfd8 29. Nc2 {[%emt 0:01:30] [#]} Bd6 $2 (29... Rxd5 $1 $19 30. g3 (30. Qxd5 Bxh2+) 30... Qd7) 30. g4 Qg5 31. Nd4 Qh6 32. Ne6+ Kh8 {[%emt 0:00:30] [#]} (32... Kg8 $11 33. h3 (33. f4 Ra1+ 34. Kg2 Rda8 $17) 33... Ra1+ 34. Kg2 Rda8) 33. f4 $2 (33. h3 $1 $18) 33... Ra1+ 34. Kg2 Rda8 35. h3 $2 (35. Qb2 $11 Qh4 36. h3) 35... R8a3 36. g5 $19 Qh5 37. Nd8 Qxe2+ 38. Rxe2 Rxb3 39. gxf6 h5 40. Nf7+ Kg8 41. Ng5 Ra8 42. f7+ Kf8 43. b6 cxb6 0-1

[Event "CRO-ch Youth U19 2020"]
[Site "Vinkovci"]
[Date "2020.07.28"]
[Round "1.14"]
[White "Smetisko, Marija"]
[Black "Dasic, Jelena"]
[Result "1-0"]
[ECO "B43"]
[WhiteElo "1917"]
[BlackElo "1814"]
[Annotator "ChessBase"]
[PlyCount "39"]
[EventDate "2020.07.28"]
[EventType "swiss"]
[EventCountry "CRO"]
[SourceTitle "playchess.com"]
[Source "ChessBase"]
[SourceQuality "1"]
[TimeControl "5400+30"]

1. e4 c5 2. Nf3 e6 3. d4 cxd4 4. Nxd4 a6 5. a3 Nf6 6. Nc3 Qc7 7. Be2 b5 8. Bg5 b4 9. axb4 Bxb4 10. Ndb5 Qc6 11. Bxf6 gxf6 12. Qd4 Bxc3+ 13. Nxc3 e5 14. Qb4 Qb7 15. Qa3 Nc6 16. Nd5 Kd8 17. Qd6 Rg8 18. Bh5 Re8 19. Bxf7 Re7 20. Qxf6 1-0

[Event "CRO-ch Youth U19 2020"]
[Site "Vinkovci"]
[Date "2020.07.28"]
[Round "1.15"]
[White "Juric, Matea"]
[Black "Golub, Nikolina"]
[Result "0-1"]
[ECO "B49"]
[WhiteElo "1559"]
[BlackElo "1911"]
[Annotator "ChessBase"]
[PlyCount "48"]
[EventDate "2020.07.28"]
[EventType "swiss"]
[EventCountry "CRO"]
[SourceTitle "playchess.com"]
[Source "ChessBase"]
[SourceQuality "1"]
[TimeControl "5400+30"]

1. e4 c5 2. Nf3 e6 3. d4 cxd4 4. Nxd4 Nc6 5. Nc3 a6 6. Be3 Qc7 7. Be2 Nf6 8. f3 b5 9. a3 Be7 10. Qd2 Na5 11. e5 Ng8 12. Bf4 Bb7 13. Bd3 Nc4 14. Bxc4 Qxc4 15. Rd1 Rd8 16. Qd3 Qxd3 17. Rxd3 g5 18. Bg3 f5 19. h4 f4 20. Bf2 Nh6 21. hxg5 Nf7 22. Nde2 Nxe5 23. Rd1 Ng6 24. Nd4 Bxg5 0-1

[Event "CRO-ch Youth U19 2020"]
[Site "Vinkovci"]
[Date "2020.07.28"]
[Round "1.16"]
[White "Vujic, Agata"]
[Black "Muha, Magdalena"]
[Result "1/2-1/2"]
[ECO "C07"]
[WhiteElo "1621"]
[BlackElo "1720"]
[Annotator "NA RC"]
[PlyCount "45"]
[EventDate "2020.07.28"]
[EventType "swiss"]
[EventCountry "CRO"]
[SourceTitle "playchess.com"]
[Source "ChessBase"]
[SourceQuality "1"]
[TimeControl "5400+30"]

1. e4 e6 2. d4 d5 3. Nd2 c5 4. exd5 Qxd5 5. dxc5 Bxc5 6. Ngf3 Nf6 7. Bc4 Qd6 8. Qe2 Nc6 9. c3 O-O 10. O-O Qc7 11. b4 Bd6 12. Bb2 b6 13. Bd3 Nd5 14. g3 Ne5 15. Nxe5 Bxe5 16. Nf3 Bf6 17. Rac1 Bb7 18. Rfe1 Rac8 19. Ne5 Rfd8 20. f4 Rd6 21. a3 Ne7 22. Bxh7+ Kxh7 23. Qh5+ 1/2-1/2

[Event "CRO-ch Youth U19 2020"]
[Site "Vinkovci"]
[Date "2020.07.29"]
[Round "3.10"]
[White "Smetisko, Josip"]
[Black "Jakrlin, Mihael"]
[Result "0-1"]
[ECO "B04"]
[WhiteElo "1940"]
[BlackElo "2183"]
[Annotator "NA RC"]
[PlyCount "93"]
[EventDate "2020.07.28"]
[EventType "swiss"]
[EventCountry "CRO"]
[SourceTitle "playchess.com"]
[Source "ChessBase"]
[SourceQuality "1"]
[TimeControl "5400+30"]

1. e4 Nf6 2. e5 Nd5 3. d4 d6 4. Nf3 dxe5 5. Nxe5 c6 6. c4 Nb4 {[%emt 0:00:00] B04: Alekhine's Defence: 4 Nf3.} 7. Be3 Bf5 $1 8. Nd3 e5 9. Nxb4 Bxb4+ 10. Nc3 Qa5 11. Qb3 (11. Rc1 $11) 11... Na6 12. Be2 exd4 13. Bxd4 O-O-O 14. Rd1 $2 {[%emt 0:16:00] [#]} (14. Be3 {was the only chance.}) 14... Rhe8 $2 {[%emt 0:11:30] [#]} (14... Rxd4 $1 $19 {[%mdl 512] is more deadly.} 15. Rxd4 Nc5) 15. O-O $146 ({Predecessor:} 15. a3 Bc5 16. Bxg7 Bxf2+ 17. Kxf2 Qc5+ 18. Kf1 Qe3 19. Rxd8+ Rxd8 20. c5 Qf4+ 21. Kg1 Qe3+ 22. Kf1 Qf4+ 23. Kg1 Nxc5 24. Qxf7 Qe3+ 25. Kf1 Qf4+ 26. Kg1 {½-½ (26) Vykouk,J (2453)-Stocek,J (2556) Pardubice 2019}) 15... Rxd4 16. Rxd4 Bxc3 17. bxc3 Rxe2 18. Qd1 Re8 19. Qh5 g6 20. Qxh7 Be6 21. Qh4 Qe5 22. Rfd1 g5 23. Re4 $2 (23. Qe4 {is more resistant.} Qxe4 24. Rxe4) 23... gxh4 $2 (23... Qf5 $19 {is more deadly.} 24. Rxe6 Qxe6) 24. Rxe5 h3 25. g4 Rg8 26. f3 Bxc4 27. a3 Nc7 28. Rd4 (28. Kf2 $142) 28... Be6 29. Kf2 Nb5 30. Ra4 Nxc3 31. Rxa7 Kb8 32. Rea5 Bc8 33. Ra8+ Kc7 34. Re5 Kd6 35. Rh5 c5 36. Rxh3 {[%emt 0:00:47] [#]} c4 $1 37. Rh6+ {[%emt 0:02:30] [#]} Kc5 $1 38. Rf6 Nd5 39. Rxf7 b5 40. Ke2 (40. Rb7 $142 c3 41. Rbb8) 40... Kd4 (40... Re8+ $142 41. Kd2 c3+ 42. Kd1 Kc4) 41. Kd2 $2 (41. Rb8 Re8+ 42. Kf2) 41... c3+ 42. Kc2 {[%emt 0:01:30] [#]} Bf5+ $1 {[%emt 0:00:30] Discovered Attack} 43. gxf5 Rxa8 44. f6 Rxa3 45. Rd7 b4 46. f7 b3+ 47. Kb1 0-1

[Event "CRO-ch Youth U19 2020"]
[Site "Vinkovci"]
[Date "2020.07.29"]
[Round "3.11"]
[White "Moric, Ivan"]
[Black "Alfirevic, Duje"]
[Result "1/2-1/2"]
[ECO "C80"]
[WhiteElo "1726"]
[BlackElo "2011"]
[Annotator "ChessBase"]
[PlyCount "70"]
[EventDate "2020.07.28"]
[EventType "swiss"]
[EventCountry "CRO"]
[SourceTitle "playchess.com"]
[Source "ChessBase"]
[SourceQuality "1"]
[TimeControl "5400+30"]

1. e4 e5 2. Nf3 Nc6 3. Bb5 a6 4. Ba4 Nf6 5. O-O Nxe4 6. d4 b5 7. Bb3 d5 8. Nxe5 Nxe5 9. dxe5 Be6 10. Be3 Be7 11. Nd2 Nc5 12. c3 O-O 13. Bc2 Qd7 14. f4 f5 15. b4 Nb7 16. Nb3 a5 17. a3 Rfc8 18. g4 g6 19. Nd4 c5 20. Nxe6 Qxe6 21. gxf5 gxf5 22. Bxf5 Qxf5 23. Qxd5+ Kh8 24. Qxb7 Rg8+ 25. Kh1 axb4 26. cxb4 cxb4 27. axb4 Qd3 28. Qf3 Rxa1 29. Rxa1 Bxb4 30. Rg1 Rxg1+ 31. Kxg1 Qg6+ 32. Kf2 Qc2+ 33. Kg3 Qg6+ 34. Qg4 Be1+ 35. Kh3 Qd3 1/2-1/2

[Event "CRO-ch Youth U19 2020"]
[Site "Vinkovci"]
[Date "2020.07.29"]
[Round "3.12"]
[White "Novosel, Marko"]
[Black "Baric, Marko"]
[Result "1/2-1/2"]
[ECO "B23"]
[WhiteElo "2147"]
[BlackElo "1831"]
[Annotator "ChessBase"]
[PlyCount "82"]
[EventDate "2020.07.28"]
[EventType "swiss"]
[EventCountry "CRO"]
[SourceTitle "playchess.com"]
[Source "ChessBase"]
[SourceQuality "1"]
[TimeControl "5400+30"]

1. e4 c5 2. Nc3 Nc6 3. Bb5 g6 4. f4 Nd4 5. Nf3 Nxb5 6. Nxb5 a6 7. Nc3 Bg7 8. O-O d6 9. d3 e6 10. Ne2 Ne7 11. c3 O-O 12. Kh1 Qc7 13. Ng3 d5 14. Nh4 dxe4 15. dxe4 f5 16. e5 b5 17. Qd6 Qxd6 18. exd6 Nd5 19. Nf3 Rd8 20. a4 bxa4 21. Rxa4 Rxd6 22. Ra5 c4 23. Rc5 Bd7 24. Re1 Rc8 25. Rxc8+ Bxc8 26. Ne5 Bxe5 27. fxe5 Rb6 28. Ne2 Kg7 29. Kg1 h6 30. h4 Bd7 31. g3 a5 32. Nf4 Nxf4 33. gxf4 Bc6 34. Rd1 Bd5 35. Kf2 Rb3 36. Ke3 a4 37. Kd4 Rb5 38. Rg1 Kf7 39. Re1 Ra5 40. Rg1 Ra8 41. Kc5 Rc8+ 1/2-1/2

[Event "CRO-ch Youth U19 2020"]
[Site "Vinkovci"]
[Date "2020.07.29"]
[Round "3.13"]
[White "Ghersinich, Enrico"]
[Black "Birkic, Josip"]
[Result "1-0"]
[ECO "E31"]
[WhiteElo "2299"]
[BlackElo "1984"]
[Annotator "RC"]
[PlyCount "59"]
[EventDate "2020.07.28"]
[EventType "swiss"]
[EventCountry "CRO"]
[SourceTitle "playchess.com"]
[Source "ChessBase"]
[SourceQuality "1"]
[TimeControl "5400+30"]

1. d4 Nf6 2. c4 e6 3. Nc3 Bb4 4. Bg5 c5 5. d5 d6 6. e3 Bxc3+ 7. bxc3 h6 8. Bh4 e5 9. Bd3 O-O 10. Ne2 Re8 11. f3 Nbd7 12. Qc2 Nf8 13. Kd2 g5 14. Bf2 Kg7 15. h4 Qe7 16. hxg5 hxg5 17. Ng3 Ng6 18. Bf5 Bd7 19. Bxd7 Qxd7 20. Nf5+ Kf8 21. e4 Ng8 22. Rh7 Rac8 23. Be3 Qd8 24. Qa4 Nf6 25. Rg7 Nh5 26. Rh7 Nf6 27. Rh2 a6 28. Rah1 Qb6 29. Bxg5 Qb2+ 30. Qc2 1-0

[Event "CRO-ch Youth U19 2020"]
[Site "Vinkovci"]
[Date "2020.07.29"]
[Round "3.14"]
[White "Dasic, Jelena"]
[Black "Muha, Magdalena"]
[Result "1/2-1/2"]
[ECO "D00"]
[WhiteElo "1814"]
[BlackElo "1720"]
[Annotator "NA"]
[PlyCount "75"]
[EventDate "2020.07.28"]
[EventType "swiss"]
[EventCountry "CRO"]
[SourceTitle "playchess.com"]
[Source "ChessBase"]
[SourceQuality "1"]
[TimeControl "5400+30"]

1. d4 d5 2. Bf4 Nf6 3. c3 c5 4. e3 Nc6 5. h3 Qb6 6. Qc2 {[%emt 0:00:30] [#] D00: 1 d4 d5: Unusual lines.} Bf5 $146 ({Predecessor:} 6... cxd4 7. exd4 Bf5 8. Qxf5 Qxb2 9. Ne2 e6 10. Qd3 Ne4 11. Bc1 Qxa1 12. f3 Nb4 {0-1 (37) Luba,L (2130)-Gierulski,K (2219) Jastrzebia Gora 2018}) 7. dxc5 Bxc2 8. cxb6 e5 9. Bh2 axb6 10. a3 d4 11. exd4 exd4 12. Ne2 $2 (12. Bb5 $15) 12... d3 13. Nd4 {[%emt 0:01:30] [#]} Nxd4 $1 14. cxd4 Bb4+ 15. Nd2 O-O 16. Rc1 Rfe8+ 17. Be5 Bxd2+ 18. Kxd2 Ne4+ 19. Ke3 d2 20. Bb5 dxc1=Q+ 21. Rxc1 Rec8 22. Bd7 Rd8 23. Rxc2 Rxd7 24. Kxe4 f6 25. Bf4 Kf7 26. g3 Re8+ 27. Kd3 Re1 28. Be3 Ke6 29. Ke4 f5+ 30. Kf4 Kf6 (30... Rb1 $17) 31. Kf3 (31. Rc3 $11 {remains equal.}) 31... g5 32. h4 (32. Rc4 $11 {remains equal.}) 32... gxh4 33. gxh4 Rh1 34. Bg5+ Kg6 35. Re2 Rxd4 (35... Kf7 $17) 36. Re6+ {[%emt 0:00:30] Double Attack} Kg7 37. Re7+ Kg6 38. Re6+ $15 {[%emt 0:00:00] Double Attack} 1/2-1/2

[Event "CRO-ch Youth U19 2020"]
[Site "Vinkovci"]
[Date "2020.07.29"]
[Round "3.16"]
[White "Smetisko, Marija"]
[Black "Juric, Matea"]
[Result "1-0"]
[ECO "C47"]
[WhiteElo "1917"]
[BlackElo "1559"]
[Annotator "ChessBase"]
[PlyCount "63"]
[EventDate "2020.07.28"]
[EventType "swiss"]
[EventCountry "CRO"]
[SourceTitle "playchess.com"]
[Source "ChessBase"]
[SourceQuality "1"]
[TimeControl "5400+30"]

1. e4 e5 2. Nf3 Nc6 3. Be2 Nf6 4. Nc3 d5 5. exd5 Nxd5 6. Nxd5 Qxd5 7. O-O Bc5 8. Re1 O-O 9. Bd3 f5 10. b3 Kh8 11. Bb2 Bd4 12. Bxd4 exd4 13. Nh4 Qf7 14. Qf3 Be6 15. Qf4 Rac8 16. Nf3 Qf6 17. Ng5 Bg8 18. a3 h6 19. Nf3 a6 20. Re2 Qf7 21. Ne5 Nxe5 22. Rxe5 Rfe8 23. Qxd4 Rxe5 24. Qxe5 Bh7 25. Re1 Bg6 26. Bc4 Qf8 27. Qe6 Bh7 28. Re5 Bg8 29. Qxg8+ Qxg8 30. Bxg8 Kxg8 31. Rxf5 Re8 32. Kf1 1-0

[Event "CRO-ch Youth U19 2020"]
[Site "Vinkovci"]
[Date "2020.07.30"]
[Round "4.9"]
[White "Cotic, Borna"]
[Black "Jakrlin, Mihael"]
[Result "1/2-1/2"]
[ECO "B15"]
[WhiteElo "2049"]
[BlackElo "2183"]
[Annotator "NA"]
[PlyCount "35"]
[EventDate "2020.07.28"]
[EventType "swiss"]
[EventCountry "CRO"]
[SourceTitle "playchess.com"]
[Source "ChessBase"]
[SourceQuality "1"]
[TimeControl "5400+30"]

1. e4 c6 2. Nc3 d5 3. d4 dxe4 4. Nxe4 Nf6 5. Nxf6+ exf6 6. Bf4 Bd6 7. Qd2 O-O 8. Bxd6 Qxd6 9. Nf3 Re8+ 10. Be2 Bg4 11. O-O Nd7 12. h3 Bh5 13. Rfe1 Nf8 14. c3 Rad8 15. Nh4 $11 Rxe2 16. Rxe2 Bxe2 17. Qxe2 Qe6 18. Qxe6 1/2-1/2

[Event "CRO-ch Youth U19 2020"]
[Site "Vinkovci"]
[Date "2020.07.30"]
[Round "4.10"]
[White "Alfirevic, Duje"]
[Black "Salamon, Viktor"]
[Result "1-0"]
[ECO "C04"]
[WhiteElo "2011"]
[BlackElo "1805"]
[Annotator "ChessBase"]
[PlyCount "117"]
[EventDate "2020.07.28"]
[EventType "swiss"]
[EventCountry "CRO"]
[SourceTitle "playchess.com"]
[Source "ChessBase"]
[SourceQuality "1"]
[TimeControl "5400+30"]

1. e4 e6 2. d4 d5 3. Nd2 Nc6 4. Ngf3 Nf6 5. e5 Nd7 6. c3 f6 7. exf6 Qxf6 8. Bd3 Bd6 9. Qc2 e5 10. dxe5 Ndxe5 11. O-O Nxd3 12. Qxd3 Ne7 13. Nd4 O-O 14. N2f3 a6 15. Bg5 Qf7 16. Bxe7 Qxe7 17. Rae1 Qf6 18. b4 Bg4 19. h3 Bh5 20. Re6 Qd8 21. Rfe1 Bg6 22. Rxg6 hxg6 23. Ne6 Qd7 24. Nxf8 Bxf8 25. Qxg6 Qf7 26. Qxf7+ Kxf7 27. g4 Bd6 28. Kg2 Bf4 29. Rd1 c6 30. Rd4 Bc7 31. c4 Bb6 32. c5 Bc7 33. a4 Re8 34. Kf1 Kf6 35. b5 Ba5 36. Rf4+ Ke6 37. bxc6 bxc6 38. Rf5 Bc3 39. h4 Kd7 40. Rf7+ Kc8 41. Rf4 Kd7 42. h5 Ke6 43. Ne1 d4 44. Re4+ Kd7 45. Rxe8 Kxe8 46. Nd3 Ke7 47. f4 Ke6 48. Ke2 Kd5 49. g5 Ba5 50. g6 Ke6 51. Ne5 Bb4 52. Nxc6 Bxc5 53. Kd3 Kf6 54. Nxd4 Ba3 55. Kc4 Bc1 56. Ne2 Be3 57. Kd3 Bb6 58. Ke4 Bc7 59. Nc3 1-0

[Event "CRO-ch Youth U19 2020"]
[Site "Vinkovci"]
[Date "2020.07.30"]
[Round "4.12"]
[White "Moric, Ivan"]
[Black "Smetisko, Josip"]
[Result "1-0"]
[ECO "B07"]
[WhiteElo "1726"]
[BlackElo "1940"]
[Annotator "ChessBase"]
[PlyCount "65"]
[EventDate "2020.07.28"]
[EventType "swiss"]
[EventCountry "CRO"]
[SourceTitle "playchess.com"]
[Source "ChessBase"]
[SourceQuality "1"]
[TimeControl "5400+30"]

1. e4 d6 2. d4 Nf6 3. Nc3 Nbd7 4. g3 e5 5. Nge2 g6 6. Bg2 Bg7 7. O-O O-O 8. h3 c6 9. Be3 Nb6 10. b3 Re8 11. Qd2 Qc7 12. Rae1 Be6 13. f4 Rad8 14. f5 Bc8 15. g4 d5 16. exd5 Nfxd5 17. Nxd5 Nxd5 18. Bxd5 Rxd5 19. f6 Bf8 20. Bh6 Kh8 21. Nf4 Bxh6 22. Nxd5 Bxd2 23. Nxc7 Rd8 24. Rxe5 Bd7 25. d5 Ba5 26. d6 Bb6+ 27. Kg2 Kg8 28. Rfe1 Bd4 29. Re8+ Bxe8 30. Rxe8+ Rxe8 31. Nxe8 Kf8 32. d7 Bb6 33. Nd6 1-0

[Event "CRO-ch Youth U19 2020"]
[Site "Vinkovci"]
[Date "2020.07.30"]
[Round "4.13"]
[White "Purini, Bruno"]
[Black "Novosel, Marko"]
[Result "0-1"]
[ECO "D41"]
[WhiteElo "2017"]
[BlackElo "2147"]
[Annotator "RC"]
[PlyCount "104"]
[EventDate "2020.07.28"]
[EventType "swiss"]
[EventCountry "CRO"]
[SourceTitle "playchess.com"]
[Source "ChessBase"]
[SourceQuality "1"]
[TimeControl "5400+30"]

1. e4 c6 2. c4 d5 3. cxd5 cxd5 4. exd5 Nf6 5. Nc3 Nxd5 6. Nf3 Nxc3 7. bxc3 e6 8. d4 Be7 9. Bd3 Nd7 10. O-O O-O 11. Qe2 Qc7 12. Bd2 Nf6 13. Ne5 Bd6 14. f4 b6 15. h3 Bb7 16. Rac1 Rac8 17. f5 Rce8 18. Rce1 exf5 19. Rxf5 Nd7 20. Kh1 Bxe5 21. dxe5 g6 22. Rff1 Rxe5 23. Qf2 Rxe1 24. Rxe1 Nc5 25. Bc2 Qd7 26. Kg1 Re8 27. Bh6 Rxe1+ 28. Qxe1 Qc6 29. Qf2 Ne4 30. Qd4 Qc5 31. Qxc5 Nxc5 32. Be3 f5 33. Bd4 Kf7 34. Kf2 Ke6 35. g4 fxg4 36. hxg4 Bd5 37. a3 Ne4+ 38. Ke3 Nd6 39. Kf4 Nb5 40. Kg5 Nxd4 41. cxd4 Bf3 42. Bb3+ Kd6 43. Kf4 Bd5 44. Bc2 b5 45. g5 a5 46. Ke3 Ke6 47. Kf4 Ba2 48. Ke4 b4 49. axb4 axb4 50. Bd3 Kd6 51. Ke3 Be6 52. Bb1 b3 0-1

[Event "CRO-ch Youth U19 2020"]
[Site "Vinkovci"]
[Date "2020.08.01"]
[Round "5.9"]
[White "Alfirevic, Duje"]
[Black "Cotic, Borna"]
[Result "1/2-1/2"]
[ECO "B47"]
[WhiteElo "2011"]
[BlackElo "2049"]
[Annotator "ChessBase"]
[PlyCount "110"]
[EventDate "2020.07.28"]
[EventType "swiss"]
[EventCountry "CRO"]
[TimeControl "5400+30"]

1. e4 c5 2. Nf3 e6 3. d4 cxd4 4. Nxd4 Nc6 5. Nc3 Qc7 6. f4 a6 7. a3 Nxd4 8. Qxd4 Ne7 9. Be3 Nc6 10. Qd2 d6 11. Be2 Be7 12. O-O O-O 13. Rad1 b5 14. Kh1 Bb7 15. Qe1 b4 16. Na4 bxa3 17. Bb6 Qc8 18. bxa3 Nb8 19. Bd4 Nd7 20. Qg3 g6 21. Bd3 Qc6 22. Nc3 Bf6 23. e5 Bg7 24. Ne4 dxe5 25. fxe5 Rad8 26. c3 Ba8 27. Nf6+ Nxf6 28. exf6 Bh8 29. Rde1 Rfe8 30. Re5 Rd5 31. Be4 Qc4 32. Bd3 Qc8 33. h4 Rxe5 34. Bxe5 Qc6 35. Rf2 Qa4 36. Kh2 Qd1 37. Bxa6 Be4 38. Bb5 Rd8 39. Bd4 Bf5 40. Qc7 Rxd4 41. cxd4 Bxf6 42. Qf4 Bxd4 43. Rf1 Qb3 44. Qxd4 Qxb5 45. Rd1 e5 46. a4 Qb3 47. Qd2 Qxa4 48. g3 Qc2 49. Qxc2 Bxc2 50. Re1 e4 51. g4 Kg7 52. Kg3 h6 53. Kf4 Kf6 54. g5+ hxg5+ 55. hxg5+ Kg7 1/2-1/2

[Event "CRO-ch Youth U19 2020"]
[Site "Vinkovci"]
[Date "2020.08.01"]
[Round "5.10"]
[White "Jakrlin, Mihael"]
[Black "Baric, Marko"]
[Result "1-0"]
[ECO "A05"]
[WhiteElo "2183"]
[BlackElo "1831"]
[Annotator "ChessBase"]
[PlyCount "65"]
[EventDate "2020.07.28"]
[EventType "swiss"]
[EventCountry "CRO"]
[TimeControl "5400+30"]

1. Nf3 Nf6 2. g3 g6 3. b3 Bg7 4. Bb2 c5 5. Bg2 d5 6. c4 d4 7. b4 O-O 8. d3 Re8 9. bxc5 e5 10. O-O Nfd7 11. Nfd2 Nxc5 12. Nb3 Nba6 13. Nxc5 Nxc5 14. Nd2 Qc7 15. Ba3 Bf8 16. Bxc5 Bxc5 17. Ne4 Be7 18. Rb1 Bd7 19. Rxb7 Qxb7 20. Nf6+ Bxf6 21. Bxb7 Rab8 22. Bd5 Rb2 23. Kg2 Rxa2 24. Qb3 Rxe2 25. Rd1 Bg5 26. Bf3 Rd2 27. Rxd2 Bxd2 28. Qa2 Bb4 29. Qxa7 Re7 30. Qb8+ Re8 31. Qxb4 f5 32. Qd6 Bc8 33. Bc6 1-0

[Event "CRO-ch Youth U19 2020"]
[Site "Vinkovci"]
[Date "2020.08.01"]
[Round "5.11"]
[White "Salamon, Viktor"]
[Black "Moric, Ivan"]
[Result "0-1"]
[ECO "E92"]
[WhiteElo "1805"]
[BlackElo "1726"]
[Annotator "NA"]
[PlyCount "64"]
[EventDate "2020.07.28"]
[EventType "swiss"]
[EventCountry "CRO"]
[TimeControl "5400+30"]

1. d4 Nf6 2. c4 g6 3. Nc3 Bg7 4. e4 d6 5. Be2 O-O 6. Nf3 e5 7. Be3 Nc6 8. d5 Ne7 9. Nd2 Nd7 10. O-O f5 11. f3 f4 12. Bf2 g5 13. b4 Nf6 14. c5 Ng6 15. Nc4 Rf7 16. cxd6 cxd6 17. Nb5 Bf8 18. Nxa7 g4 19. Nxc8 Rxc8 20. Qb3 g3 21. hxg3 Nh5 22. Rfc1 fxg3 23. Be3 Qh4 24. Kf1 Qh1+ 25. Bg1 Nh4 26. Ne3 Rxc1+ 27. Rxc1 Bh6 28. Rc8+ Kg7 29. Nf5+ Rxf5 30. exf5 Qxg2+ 31. Ke1 Qxg1+ 32. Bf1 Qf2+ 0-1

[Event "CRO-ch Youth U19 2020"]
[Site "Vinkovci"]
[Date "2020.08.01"]
[Round "5.12"]
[White "Birkic, Josip"]
[Black "Novosel, Marko"]
[Result "1-0"]
[ECO "D02"]
[WhiteElo "1984"]
[BlackElo "2147"]
[Annotator "ChessBase"]
[PlyCount "41"]
[EventDate "2020.07.28"]
[EventType "swiss"]
[EventCountry "CRO"]
[TimeControl "5400+30"]

1. d4 Nf6 2. Bf4 d5 3. e3 Bf5 4. Nf3 e6 5. Ne5 Nbd7 6. g4 Bg6 7. h4 h6 8. Nxg6 fxg6 9. Bd3 Kf7 10. Qf3 Be7 11. Rg1 g5 12. hxg5 hxg5 13. Bxg5 c5 14. Nc3 Rc8 15. Bf4 g5 16. Bxg5 Kg7 17. O-O-O Qa5 18. Bh6+ Kg8 19. g5 Ne8 20. Nxd5 Bd8 21. Nf6+ 1-0

[Event "CRO-ch Youth U19 2020"]
[Site "Vinkovci"]
[Date "2020.08.01"]
[Round "5.13"]
[White "Ghersinich, Enrico"]
[Black "Purini, Bruno"]
[Result "1-0"]
[ECO "D34"]
[WhiteElo "2299"]
[BlackElo "2017"]
[Annotator "ChessBase"]
[PlyCount "43"]
[EventDate "2020.07.28"]
[EventType "swiss"]
[EventCountry "CRO"]
[TimeControl "5400+30"]

1. c4 e6 2. Nf3 Nf6 3. g3 d5 4. Bg2 c5 5. cxd5 exd5 6. d4 Nc6 7. O-O cxd4 8. Nxd4 Be7 9. Nc3 O-O 10. Bg5 h6 11. Bf4 Be6 12. Nxe6 fxe6 13. Qb3 Qb6 14. Nb5 Rac8 15. Bh3 Na5 16. Qd3 Ne4 17. Nd4 Nc5 18. Qb5 Rc6 19. b4 Qxb5 20. Nxb5 Rb6 21. a4 Nab3 22. bxc5 1-0

[Event "CRO-ch Youth U19 2020"]
[Site "Vinkovci"]
[Date "2020.08.01"]
[Round "6.9"]
[White "Jakrlin, Mihael"]
[Black "Alfirevic, Duje"]
[Result "1/2-1/2"]
[ECO "A12"]
[WhiteElo "2183"]
[BlackElo "2011"]
[Annotator "ChessBase"]
[PlyCount "65"]
[EventDate "2020.07.28"]
[EventType "swiss"]
[EventCountry "CRO"]
[TimeControl "5400+30"]

1. Nf3 d5 2. g3 Bg4 3. Bg2 Nf6 4. c4 c6 5. O-O e6 6. b3 Bd6 7. Bb2 O-O 8. d3 Nbd7 9. h3 Bxf3 10. Bxf3 a5 11. a3 dxc4 12. dxc4 Be5 13. Nc3 Qb6 14. Kh1 Rad8 15. Qc2 Bb8 16. Rab1 Qc7 17. Ne4 Nxe4 18. Bxe4 f5 19. Qc3 Nf6 20. Bf3 e5 21. e3 h5 22. Rg1 Rd7 23. Qc2 e4 24. Be2 h4 25. Rbd1 Rxd1 26. Bxd1 hxg3 27. fxg3 Kf7 28. Qf2 Qd7 29. Kg2 Rh8 30. Rh1 Nh5 31. g4 Ng3 32. Rg1 Qd8 33. Rh1 1/2-1/2

[Event "CRO-ch Youth U19 2020"]
[Site "Vinkovci"]
[Date "2020.07.31"]
[Round "6.11"]
[White "Moric, Ivan"]
[Black "Birkic, Josip"]
[Result "1/2-1/2"]
[ECO "B15"]
[WhiteElo "1726"]
[BlackElo "1984"]
[Annotator "RC"]
[PlyCount "75"]
[EventDate "2020.07.28"]
[EventType "swiss"]
[EventCountry "CRO"]
[SourceTitle "playchess.com"]
[Source "ChessBase"]
[SourceQuality "1"]
[TimeControl "5400+30"]

1. e4 c6 2. d4 d5 3. Nc3 dxe4 4. Nxe4 Nf6 5. Ng3 Bg4 6. Be2 Bxe2 7. N3xe2 e6 8. Nf3 Bd6 9. Bf4 O-O 10. O-O Qc7 11. Qd2 Nbd7 12. c4 Rfd8 13. Rad1 Nf8 14. Bxd6 Rxd6 15. Qe3 Ng6 16. Rd3 Ne7 17. Nc3 Rad8 18. Rfd1 Nf5 19. Qf4 Qc8 20. g4 Ne7 21. Ne5 Ng6 22. Nxg6 hxg6 23. g5 Nh5 24. Qg4 b6 25. b4 c5 26. bxc5 bxc5 27. d5 f5 28. gxf6 Nxf6 29. Qxg6 exd5 30. Nb5 Ra6 31. cxd5 Rxd5 32. Rxd5 Nxd5 33. Qe4 Nf6 34. Qc4+ Kh7 35. Qh4+ Kg8 36. Qc4+ Kh8 37. Qh4+ Kg8 38. Qc4+ 1/2-1/2